 Dungeon Crawl Stone Soup version 0.20.0-4-g10b340a (webtiles) character file.

136 Gargoyl the Skirmisher (level 5, -1/46 HPs)
             Began as a Ghoul Abyssal Knight on May 28, 2017.
             Was a Believer of Lugonu.
             Slain by an orc
             ... wielding a +0 club
              (4 damage)
             ... on level 3 of the Dungeon.
             The game lasted 00:05:43 (2026 turns).

Gargoyl the Skirmisher (Ghoul Abyssal Knight)       Turns: 2026, Time: 00:05:44

Health: -1/46      AC:  7    Str: 16    XL:     5   Next: 19%
Magic:  6/6        EV:  4    Int:  7    God:    Lugonu [**....]
Gold:   109        SH: 10    Dex:  9    Spells: 4/4 levels left

rFire    . . .     SeeInvis .   a - +1 hand axe
rCold    + . .     Gourm    .   l - +0 large shield
rNeg     + + +     Faith    .   d - +0 scale mail
rPois    ∞         Spirit   .   f - +0 helmet
rElec    .         Reflect  .   (no cloak)
rCorr    .         Harm     .   (no gloves)
MR       .....                  (no boots)
Stlth    ..........             (no amulet)
Regen    0.0/turn               (no ring)
MPRegen  0.1/turn               (no ring)

@: rotting
A: rotting body, claws 1, carnivore 3, cold resistance 1, negative energy
resistance 3, inhibited regeneration, torment resistance, unbreathing
a: Depart the Abyss, Bend Space, Renounce Religion


You were on level 3 of the Dungeon.
You worshipped Lugonu.
Lugonu was pleased with you.
You were not hungry.

You visited 1 branch of the dungeon, and saw 3 of its levels.
You visited the Abyss 1 time.

You collected 109 gold pieces.

Inventory:

Hand Weapons
 a - a +1 hand axe (weapon)
Missiles
 g - 11 tomahawks (quivered)
Armour
 d - a +0 scale mail (worn)
 f - a +0 helmet (worn)
 l - a +0 large shield (worn)
Scrolls
 b - a scroll of blinking
 e - a scroll of identify
 o - a scroll of remove curse
 q - a scroll of amnesia {unknown}
Potions
 p - a potion of haste {unknown}
Comestibles
 c - 2 meat rations
 k - a royal jelly
 m - 2 chunks of flesh


   Skills:
 + Level 4.1 Fighting
 + Level 2.8 Axes
 * Level 2.6 Armour
 + Level 1.1 Dodging
 + Level 0.1 Shields
 * Level 3.2 Invocations


You had 4 spell levels left.
You didn't know any spells.

Dungeon Overview and Level Annotations

Branches:
Dungeon (3/15)

Altars:


Innate Abilities, Weirdness & Mutations

Your body is rotting away.
You thrive on raw meat.
You are immune to poison.
You have sharp fingernails.
You are carnivorous and can eat meat at any time.
Your flesh is cold resistant. (rC+)
You are immune to negative energy. (rN+++)
You do not regenerate when monsters are visible.
You are immune to unholy pain and torment.
You can survive without breathing.


Message History

* * * LOW HITPOINT WARNING * * *
It was a potion of brilliance.
You feel clever all of a sudden. You block the orc's attack.
The orc barely misses you. You block the orc priest's attack.
It was a potion of invisibility.
You fade into invisibility!
The orc hits you but does no damage. x2; You block the orc priest's attack.
You are very lightly contaminated with residual magic.
It was a potion of cancellation.
Your magical effects are unravelling.
You feel magically purged.
Your magical contamination has completely faded away.
You float gracefully downwards.
You flicker back into view.
You feel a little less clever now. The orc hits you.
* * * LOW HITPOINT WARNING * * *
The orc wizard gestures wildly while chanting.
The orc wizard blinks!
The orc hits you with a club.
You die...

.###.##.# ###
.....#..## ..#
###.(....# #.#
###......# # #.#
.......#.##.# #.#
............## #.#
.........### #. #.#
..(..##..## #.##o#
..#.###...####..@o#
###.............oo#
#.####..#######.#
#.#####.#######§#
#.......>.....#.#
#..#########..#.#
#........#.#
#####.###..#.# ..
...##..#.#


You could see an orc priest, an orc wizard and 2 orcs.

Vanquished Creatures
  A gnoll (D:1)
  6 adders
  2 oozes
  A worm (D:2)
  3 dart slugs
  An orc (D:3)
  6 bats
  3 giant cockroaches
  11 goblins
  6 hobgoblins
  6 frilled lizards
  5 kobolds
  5 rats
56 creatures vanquished.

Notes
Turn   | Place    | Note
-------+----------+-------------------------------------------
     0 | Abyss:1  | Gargoyl the Ghoul Abyssal Knight began the quest for the Orb.
     0 | Abyss:1  | Reached XP level 1. HP: 19/19 MP: 1/1
     8 | Abyss:2  | Found a corrupted altar of Lugonu.
    28 | Abyss:2  | Noticed a small abomination
    45 | D:1      | Escaped the Abyss
   103 | D:1      | Reached * piety under Lugonu
   242 | D:1      | Reached XP level 2. HP: 24/27 MP: 2/2
   333 | D:1      | Reached skill level 4 in Fighting
   333 | D:1      | Reached XP level 3. HP: 31/33 MP: 3/3
   827 | D:2      | Reached skill level 1 in Dodging
   954 | D:2      | Reached XP level 4. HP: 36/39 MP: 5/5
  1323 | D:2      | Reached ** piety under Lugonu
  1678 | D:2      | Reached XP level 5. HP: 42/46 MP: 6/6
  2026 | D:3      | Slain by an orc

Skill      XL: |  1  2  3  4 |
---------------+-------------+-----
Armour         | 2 |  2.6
Fighting       | 4 |  4.1
Axes           | 2 |  2.8
Dodging        | 1 |  1.1
Invocations    | 3 |  3.2
Shields        | |  0.1

Action                   |  1- 3 |  4- 6 || total
-------------------------+-------+-------++-------
Melee: Hand axe          |   109 |   129 ||   238
Invok: Depart the Abyss  |     1 |       ||     1
  Use: Scroll            |     5 |     1 ||     6
       Potion            |       |     4 ||     4
  Eat: Chunk             |    17 |     8 ||    25
Armor: Scale mail        |    61 |    70 ||   131
Dodge: Dodged            |    65 |    44 ||   109
Block: Large shield      |       |    60 ||    60
